 Dungeon Crawl Stone Soup version 0.26.0-18-gc5c842f807 (webtiles) character file.

Game seed: 476524207413229941

23 thiole the Magician (level 2, -3/17 HPs)
             Began as an Octopode Hedge Wizard on Jan 23, 2021.
             Slain by an orc
             ... wielding a +0 trident
              (8 damage)
             ... on level 3 of the Dungeon.
             The game lasted 00:01:13 (1165 turns).

thiole the Magician (Octopode Hedge Wizard)         Turns: 1165, Time: 00:01:13

Health: -3/17      AC:  1    Str:  9    XL:     2   Next: 95%
Magic:  1/6        EV: 13    Int: 18    God:
Gold:   54         SH:  0    Dex: 11    Spells: 6/7 levels left

rFire    . . .     SeeInvis .   a - +0 dagger
rCold    . . .     Faith    .   (no shield)
rNeg     . . .     Spirit   .   b - +0 hat
rPois    .         Reflect  .   g - amulet of the acrobat
rElec    .         Harm     .   (no ring)
rCorr    .         Rampage  .   (no ring)
Will     .....                  (no ring)
Stlth    +++.......             (no ring)
HPRegen  0.05/turn              (no ring)
MPRegen  0.10/turn              (no ring)
                                (no ring)
                                (no ring)

@: no status effects
A: almost no armour, stealthy swim, amphibious, 8 rings, constrict 8, antennae
1, camouflage 1, clever 1, gelatinous body 1
a: no special abilities


You were on level 3 of the Dungeon.
You visited 1 branch of the dungeon, and saw 3 of its levels.

You collected 54 gold pieces.

Inventory:

Hand Weapons
 a - a +0 dagger (weapon)
Armour
 b - a +0 hat (worn)
Jewellery
 g - an amulet of the acrobat (around mantle)
Scrolls
 c - a scroll of identify {unknown}
 f - a scroll of enchant weapon {unknown}
Potions
 d - a potion of mutation
 e - a potion of curing {unknown}


   Skills:
 - Level 2.0 Dodging
 + Level 3.0 Stealth
 + Level 3.1 Spellcasting
 * Level 1.7 Conjurations
 * Level 1.8 Summonings
 - Level 1.0 Translocations


You had 6 spell levels left.
You knew the following spells:

 Your Spells              Type           Power        Failure   Level
a - Magic Dart            Conj           36%          8%          1

Your spell library contained the following spells:

 Spells                   Type           Power        Failure   Level
 Call Imp                 Summ           9%           12%         2
 Blink                    Tloc           N/A          16%         2
 Slow                     Hex            2%           24%         2
 Conjure Flame            Conj/Fire      5%           34%         3
 Mephitic Cloud           Conj/Pois/Air  4%           36%         3


Dungeon Overview and Level Annotations

Branches:
Dungeon (3/15)

Altars:
Makhleb


Innate Abilities, Weirdness & Mutations

You cannot wear most types of armour.
You are very stealthy in the water. (Stealth+)
You are amphibious.
You can wear up to eight rings at the same time.
You can use your tentacles to constrict eight enemies at once.
Your skin changes colour to match your surroundings (Stealth+).
Your rubbery body absorbs attacks. (AC +1, EV +1)
You have a pair of small antennae on your head.
Your mind is acute. (Int +2)


Message History

Press: ? - help, Shift-Dir - straight line, f - orc
Aim: an orc, wielding a +0 trident and wearing a +0 leather armour (0% to evade)
The magic dart hits the orc.
The orc is lightly wounded.
The orc hits you from afar with a +0 trident.
* * * LOW HITPOINT WARNING * * *
It was a potion of mutation.
You feel extremely strange.
You feel clever.
One of your lower tentacles grows a sharp spike.
Your tentacle spike disappears.
A pair of antennae grows on your head! The orc closely misses you.
The orc completely misses you.
You hit the orc but do no damage. You grab the orc. You squeeze the orc.
The orc is severely wounded.
You constrict the orc, but do no damage.
The orc barely misses you.
You completely miss the orc. You squeeze the orc, but do no damage.
The orc is severely wounded.
You constrict the orc. The orc hits you with a +0 trident!
You die...

#.#.#.. #.#.#.#
...#.#
#####.#<########
......)........###
##
#######............
.. ........)....#..
.#
######.####.######
..#..
#.#....$.o@.#.8...8
#.#..#.####.....#
#.#l##.# #....##
#)#. ..# #.#...#
#.# ###. ..#.8...8
..# . #.# ..#.. ###
. #.. .## . ##? . .
..


You could see an orc.

Vanquished Creatures
  A dart slug (D:1)
  2 orcs (D:3)
  A giant cockroach (D:1)
  4 hobgoblins
  2 bats (D:1)
  2 frilled lizards (D:1)
  2 goblins
  3 kobolds
  3 rats (D:1)
20 creatures vanquished.

Notes
Turn   | Place    | Note
-------+----------+-------------------------------------------
     0 | D:1      | thiole the Octopode Hedge Wizard began the quest for the
                  | Orb.
     0 | D:1      | Reached XP level 1. HP: 11/11 MP: 4/4
   414 | D:1      | Reached XP level 2. HP: 17/17 MP: 1/6
   953 | D:2      | Found a burning altar of Makhleb.
  1162 | D:3      | Gained mutation: Your mind is acute. (Int +2) [potion of
                  | mutation]
  1162 | D:3      | Gained mutation: One of your tentacles bears a spike.
                  | [potion of mutation]
  1162 | D:3      | Lost mutation: One of your tentacles bears a spike. [potion
                  | of mutation]
  1162 | D:3      | Gained mutation: You have a pair of small antennae on your
                  | head. [potion of mutation]
  1165 | D:3      | Slain by an orc

Illustrated notes

Levels and vault maps discovered:
D:1:      dpeg_arrival_court, layout_basic
D:2:      kennysheep_the_goblin_king, layout_rooms, lemuel_crystal_altar,
          kennysheep_donut
D:3:      layout_basic, elyvilon_altar_4, minmay_misc_feat_four_crosses

Skill      XL: |  1  2 |
---------------+-------+-----
Stealth        | 3 |  3.0
Dodging        | |  2.0
Spellcasting   | |  3.1
Conjurations   | |  1.7
Summonings     | |  1.8
Translocations | |  1.0

Action                   || total
-------------------------++-------
Melee: Dagger            ||    12
       Tentacles         ||     4
       Constrict         ||     5
 Cast: Magic Dart        ||    47
  Use: Potion            ||     1
Dodge: Dodged            ||    10
